 Dungeon Crawl Stone Soup version 0.28-a0-850-g09de17f5b5 (webtiles) character file.

Game seed: 5050041001695142405

516 BinkBink the Slasher (level 7, -6/53 HPs)
             Began as a Human Fighter on Nov 13, 2021.
             Was an Initiate of Makhleb.
             Mangled by an ogre (21 damage)
             ... on level 4 of the Dungeon.
             The game lasted 00:08:09 (4899 turns).

BinkBink the Slasher (Human Fighter)                Turns: 4899, Time: 00:08:09

Health: -6/53      AC: 10    Str: 18    XL:     7   Next: 44%
Magic:  7/7        EV:  7    Int:  9    God:    Makhleb [......]
Gold:   291        SH:  4    Dex: 12    Spells: 6/6 levels left

rFire   . . .      SeeInvis .   a - +0 long sword
rCold   + . .      Faith    .   c - +0 buckler
rNeg    . . .      Spirit   .   h - +1 chain mail {rC+}
rPois   +          Reflect  .   (no helmet)
rElec   .          Harm     .   k - scarf {shadows}
rCorr   .          Rampage  .   (no gloves)
Will    .....                   (no boots)
Stlth   ..........              (no amulet)
HPRegen 0.17/turn               e - ring of poison resistance
MPRegen 0.10/turn               (no ring)

@: mighty
A: no striking features
a: Renounce Religion


You were on level 4 of the Dungeon.
You worshipped Makhleb.
Makhleb was noncommittal.
You visited 1 branch of the dungeon, and saw 5 of its levels.

You collected 291 gold pieces.

Inventory:

Hand Weapons
 a - a +0 long sword (weapon)
 m - a +4 club
Armour
 b - a +0 scale mail
 c - a +0 buckler (worn)
 h - a +1 chain mail of cold resistance (worn)
 k - a scarf of shadows (worn)
Jewellery
 e - a ring of poison resistance (left hand)
 n - a +6 ring of intelligence
 r - a +6 ring of intelligence
 x - a ring of fire
Wands
 y - a wand of acid (14)
Scrolls
 f - a scroll of fog {unknown}
 i - 2 scrolls of identify {unknown}
 o - a scroll of teleportation {unknown}
 p - a scroll of brand weapon {unknown}
 t - a scroll of noise {unknown}
 u - a scroll of magic mapping {unknown}
 w - a scroll of amnesia {unknown}
Potions
 g - a potion of haste {unknown}
 j - 2 potions of attraction {unknown}
 l - a potion of curing
 q - 2 potions of lignification {unknown}
 s - 2 potions of mutation {unknown}
 v - a potion of brilliance {unknown}
 z - a potion of heal wounds


   Skills:
 + Level 3.8 Fighting
 * Level 5.7 Long Blades
 + Level 4.6 Armour
 + Level 0.7 Dodging
 + Level 3.7 Shields


You had 6 spell levels left.
You didn't know any spells.
Your spell library contained the following spells:

 Spells                   Type           Power      Damage    Failure   Level
 Magic Dart               Conj           0%         1d3       99%         1
 Call Imp                 Summ           0%         N/A       100%        2
 Gell's Gravitas          Tloc           0%         N/A       100%        3
 Lesser Beckoning         Tloc           0%         N/A       100%        3
 Mephitic Cloud           Conj/Pois/Air  0%         N/A       100%        3
 Teleport Other           Tloc           0%         N/A       100%        3
 Animate Dead             Necr           0%         N/A       100%        4
 Borgnjor's Vile Clutch   Necr/Erth      0%         N/A       100%        5
 Death Channel            Necr           0%         N/A       100%        6


Dungeon Overview and Level Annotations

Branches:
Dungeon (5/15)
 Temple: D:4-7

Altars:
Makhleb
Nemelex Xobeh
Ru


Message History

You kill the iguana!
Makhleb accepts your kill.
No target in view!
No target in view!
Found an escape hatch in the floor.
You pick up a book of Displacement and begin reading...
You add the spells Lesser Beckoning, Gell's Gravitas and Teleport Other to your library.
There is a stone staircase leading down here.
You open the door.
There is an open door here.
An ogre comes into view. It is wielding a +0 giant club.
Found an escape hatch in the ceiling.
The ogre shouts!
The ogre hits you with a +0 giant club!
You barely miss the ogre. The ogre hits you with a +0 giant club.
You slash the ogre!
The ogre is moderately wounded.
The ogre barely misses you.
You hit the ogre.
The ogre is heavily wounded.
The ogre barely misses you.
You hit the ogre.
The ogre is heavily wounded.
The ogre hits you with a +0 giant club!!
Ouch! That really hurt!
* * * LOW HITPOINT WARNING * * *
You are too injured to fight recklessly!
You are too injured to fight recklessly!
There is an open door here.
There is an open door here.
There is a stone staircase leading up here.
Okay, then.
The ogre hits you with a +0 giant club!
* * * LOW HITPOINT WARNING * * *
You climb upwards.
There is a stone staircase leading down here.
You see here a +0 club.
You feel very mighty all of a sudden.
The ogre hits you with a +0 giant club!!
You die...

#.##..# #........## #
#####.####>.......# #
##.##........## #
#..#........# #
##.........##
#.........# ###
##.......####.#
##.O<..###..##
#.@.###...## ####
###...##..###
###..########........##
...........#.......###
...................#
.....#######..###.##
###### #### ###


You could see an ogre.

Vanquished Creatures
  A bullfrog (D:4)
  A scorpion (D:4)
  A jelly (D:5)
  A bullfrog skeleton (D:4)
  4 hounds
  Jessica (D:2)
  An orc wizard (D:4)
  An iguana (D:5)
  Terence (D:3)
  4 adders
  A worm (D:2)
  6 orcs (D:4)
  4 bats
  12 endoplasms
  2 giant cockroaches (D:1)
  5 goblins
  2 hobgoblins (D:3)
  7 jackals
  5 quokkas
  5 ball pythons
  6 frilled lizards
  9 kobolds
  6 rats
86 creatures vanquished.

Vanquished Creatures (others)
  4 toadstools (D:2)
4 creatures vanquished.

Grand Total: 90 creatures vanquished

Notes
Turn   | Place    | Note
-------+----------+-------------------------------------------
     0 | D:1      | BinkBink the Human Fighter began the quest for the Orb.
     0 | D:1      | Reached XP level 1. HP: 18/18 MP: 1/1
   203 | D:1      | Reached XP level 2. HP: 24/24 MP: 2/2
   428 | D:1      | You fall into a shaft and drop 1 floor!
   447 | D:2      | Reached XP level 3. HP: 18/29 MP: 3/3
   706 | D:2      | Reached XP level 4. HP: 32/35 MP: 4/4
   934 | D:2      | Noticed Jessica
  1741 | D:2      | Killed Jessica
  2093 | D:3      | Reached skill level 3 in Long Blades
  2181 | D:3      | Reached XP level 5. HP: 41/41 MP: 5/5
  2374 | D:3      | Noticed Terence
  2383 | D:3      | Killed Terence
  3079 | D:4      | Noticed an ogre
  3298 | D:4      | Reached XP level 6. HP: 33/47 MP: 6/6
  3307 | D:4      | Reached skill level 4 in Long Blades
  3705 | D:4      | Reached skill level 5 in Long Blades
  3710 | D:4      | Found a sparkling altar of Nemelex Xobeh.
  3735 | D:4      | Found a sacrificial altar of Ru.
  3837 | D:4      | Reached XP level 7. HP: 36/53 MP: 7/7
  4435 | D:5      | Entered Level 5 of the Dungeon
  4494 | D:5      | Found a burning altar of Makhleb.
  4571 | D:5      | Became a worshipper of Makhleb the Destroyer
  4899 | D:4      | Mangled by an ogre

Illustrated notes

Levels and vault maps discovered:
D:1:      dpeg_arrival_pits, layout_loops_cross, kennysheep_another_room,
          minmay_indecisive_spiral
D:2:      layout_basic, minmay_gold_behind_fungi,
          chequers_serial_rivers_micro_a, uniq_jessica
D:3:      layout_rooms, uniq_terence
D:4:      layout_cave_pods, mainiacjoe_overflow_surrounded_room,
          nemelex_dance_club_becter
D:5:      layout_basic, mainiacjoe_overflow_catwalk,
          mainiacjoe_overflow_cross_hatched

Skill      XL: |  1  2  3  4  5  6 |
---------------+-------------------+-----
Long Blades    | 3 5 |  5.7
Armour         | 4 |  4.6
Fighting       | |  3.8
Dodging        | |  0.7
Shields        | |  3.7

Action                   |  1- 3 |  4- 6 |  7- 9 || total
-------------------------+-------+-------+-------++-------
Melee: Long sword        |    52 |   254 |    23 ||   329
  Use: Potion            |       |     2 |     1 ||     3
Armor: Scale mail        |    25 |    16 |       ||    41
       Chain mail        |       |   123 |    11 ||   134
Dodge: Dodged            |    26 |    75 |     4 ||   105
Block: Buckler           |    16 |    51 |     2 ||    69

Table legend: (Time is in decaauts)
 A = Elapsed time spent in this place.
 B = Non-inter-level travel time spent in this place.
 C = Inter-level travel time spent in this place.
 D = Time resting spent in this place.
 E = Time spent auto-exploring this place.
 F = Levels seen in this place.
 G = Mean time per level.
                   A        B        C        D        E       F      G
               +--------+--------+--------+--------+--------+-----+--------+
         Total |   4981 |   4887 |     94 |      0 |   3920 |   5 |  996.2 |
       Dungeon |   4981 |   4887 |     94 |      0 |   3920 |   5 |  996.2 |
               +--------+--------+--------+--------+--------+-----+--------+

Top non-repeatable levels by time:
     D:4: 1661 daAuts
     D:2: 1170 daAuts
     D:1: 934 daAuts
     D:3: 756 daAuts
     D:5: 458 daAuts
